 Dungeon Crawl Stone Soup version 0.29.0-11-gd7f09526c8 (webtiles) character file.

Game seed: 10322260092536266667

7 pacmanke6689 the Trooper (level 1, -3/18 HPs)
             Began as a Demonspawn Abyssal Knight on Sept 2, 2022.
             Was a Follower of Yredelemnul.
             Slain by a thrashing horror (11 damage)
             ... created by the touch of Lugonu
             ... on level 1 of the Dungeon.
             The game lasted 00:02:57 (336 turns).

pacmanke6689 the Trooper (Demonspawn Abyssal Knight) Turns: 336, Time: 00:02:58

Health: -3/18      AC:  3    Str: 13    XL:     1   Next: 83%
Magic:  0/2        EV: 11    Int: 11    God:    Yredelemnul [*.....]
Gold:   24         SH:  0    Dex: 13    Spells: 0/0 levels left

rFire   . . .      SeeInvis .   a - +1 mace
rCold   . . .      Faith    .   (no shield)
rNeg    . . .      Spirit   .   b - +0 leather armour
rPois   .          Reflect  .   (no helmet)
rElec   .          Harm     .   (no cloak)
rCorr   .          Rampage  .   (no gloves)
Will    .....                   (no boots)
Stlth   +.........              (no amulet)
HPRegen 0.06/turn               (no ring)
MPRegen 0.08/turn               (no ring)

@: recalling
A: no striking features
a: Renounce Religion, Stop Recall


You were on level 1 of the Dungeon.
You worshipped Yredelemnul.
Yredelemnul was noncommittal.
You visited 1 branch of the dungeon, and saw 1 of its levels.
You visited the Abyss 1 time.

You collected 24 gold pieces.

Inventory:

Hand Weapons
 a - a +1 mace (weapon)
Armour
 b - a +0 leather armour (worn)
Scrolls
 c - 2 scrolls of identify {unknown}
 d - a scroll of immolation {unknown}
 e - a scroll of summoning {unknown}


   Skills:
 + Level 3.4 Fighting
 + Level 1.7 Maces & Flails
 + Level 1.7 Armour
 + Level 0.8 Dodging
 + Level 2.5 Invocations


You couldn't memorise any spells.
You didn't know any spells.
Your spell library was empty.

Dungeon Overview and Level Annotations

Branches:
Dungeon (1/15)

Altars:
Yredelemnul


Message History

You swap places.
Found 3 boomerangs.
Found a long sword.
Found 5 boomerangs of dispersal.
A rat comes into view.
Your bat zombie barely misses the rat.
Your bat zombie closely misses the rat.
Your bat zombie hits the rat.
Your bat zombie hits the rat but does no damage.
Your bat zombie barely misses the rat.
The rat barely misses your bat zombie.
You hit the rat but do no damage.
The rat is heavily wounded.
Your bat zombie hits the rat.
The rat dies!
Lugonu's wrath scatters you! Space warps around you!
You are yanked towards some nearby monsters!
Your surroundings suddenly seem different.
A rat, a dart slug, a bat and a giant cockroach come into view.
Lugonu sends minions to punish you. 2 thrashing horrors come into view.
The thrashing horror roars!
You hear an angry hiss.
A ball python comes into view.
The bat moves out of view.
You begin recalling your allies.
Your adder zombie is recalled.
Your ball python zombie is recalled.
Your bat zombie is recalled.
The thrashing horror barely misses you.
The thrashing horror closely misses you.
Your bat zombie closely misses the thrashing horror.
A kobold comes into view. It is wielding a +2 whip of flaming.
The thrashing horror tramples you.
You hold your ground!
The thrashing horror tramples you.
You hold your ground!
The giant cockroach closely misses you.
Your quokka zombie is recalled.
Your giant cockroach zombie is recalled.
Your bat zombie hits the thrashing horror but does no damage.
The thrashing horror tramples you!
Ouch! That really hurt!
You die...
Your body rises from the dead as a mindless zombie.

K...b
+........
#####. ....
#....####
...... ...
#....###
...S.. ..
#......#
......###.# #
######'##
.......Z.Z#.#
#....ZZ..
..........Z.#
#.....Z..
.......XX.w.#
#........
.......@BZ..#
####.....
###...r.....#
#.....
#......Z..#
#.....
###########
#..... #.....
#..... #.....
#..... #.....


You could see 2 thrashing horrors, a dart slug, a giant cockroach (ally target),
a ball python, a rat, a friendly bat zombie, a friendly ball python zombie, a
friendly adder zombie, a friendly quokka zombie and a friendly giant cockroach
zombie.

Vanquished Creatures
  A giant cockroach (D:1)
  A ball python (D:1)
  A bat (D:1)
  A frilled lizard (D:1)
4 creatures vanquished.

Vanquished Creatures (collateral kills)
  2 ball pythons (D:1)
  A bat (D:1)
  A rat (D:1)
4 creatures vanquished.

Vanquished Creatures (others)
  A bat zombie (D:1)
1 creature vanquished.

Grand Total: 9 creatures vanquished

Notes
Turn   | Place    | Note
-------+----------+-------------------------------------------
     0 | Abyss:1  | pacmanke6689 the Demonspawn Abyssal Knight began the quest
                  | for the Orb.
     0 | Abyss:1  | Reached XP level 1. HP: 18/18 MP: 2/2
    50 | Abyss:3  | Noticed a water elemental
    53 | D:1      | Escaped the Abyss
   135 | D:1      | Found a faded altar of an unknown god.
   202 | D:1      | Prayed at the altar of an unknown god.
   202 | D:1      | Fell from the grace of Lugonu
   202 | D:1      | Became a worshipper of Yredelemnul the Dark
   202 | D:1      | Reached * piety under Yredelemnul
   334 | D:1      | Noticed a thrashing horror
   334 | D:1      | Noticed a thrashing horror
   336 | D:1      | Slain by a thrashing horror

Illustrated notes

Levels and vault maps discovered:
D:1:      erik_arrival_triangle_small, layout_basic,
          chequers_ecumenical_altar_simple_redux

Action                   || total
-------------------------++-------
Melee: Mace              ||    11
Invok: Recall Undead Har ||     1
       Depart the Abyss  ||     1
Armor: Leather armour    ||    11
Dodge: Dodged            ||    17
